 Seeded DCSS version 0.32-a0-314-g526f7d4993 (webtiles) character file.

Game seed: 12078665271074209842 (custom seed)

5171 timneilson the Nimble (level 10, -5/73 HPs)
             Began as an Octopode Shapeshifter on Feb 15, 2024.
             Was an Initiate of Gozag.
             Slain by an orc warrior
             ... wielding a +0 war axe
              (20 damage)
             ... on level 9 of the Dungeon.
             The game lasted 00:20:25 (8191 turns).

timneilson the Nimble (Octopode Shapeshifter)       Turns: 8191, Time: 00:20:25

Health: -5/73      AC:  1    Str: 18    XL:     10   Next: 59%
Magic:  19/19      EV: 22    Int: 18    God:    Gozag
Gold:   267        SH:  5    Dex: 15    Spells: 9/9 levels left

rFire   + +          .
                       - Unarmed
rCold   + . .        (shield currently unavailable)
rNeg    . . .        d - +0 hat "Vairic" {rF+ rC+ MP+9}
rPois   +            i - amulet of reflection
rElec   .            r - +6 ring of intelligence
rCorr   .            t - ring "Fapiczy" {rPois rF+ Dex+3 Stlth+}
SInv    .            (no ring)
Will    .....        (no ring)
Stlth   +++          (no ring)
HPRegen 0.32/turn    (no ring)
MPRegen 0.16/turn    (no ring)
                     (no ring)

%: reflection
@: flux-form, gold aura, glowing, studying 2 skills
A: glow, contaminating, almost no armour, amphibious, 8 rings, camouflage 1,
gelatinous body 1, (nimble swimmer 1), tentacles
a: Begin Untransformation, Renounce Religion, Potion Petition, Call Merchant,
Bribe Branch


You were on level 9 of the Dungeon.
You worshipped Gozag.
Gozag was aware of your devotion.
You were something dangerously unstable.
You visited 1 branch of the dungeon, and saw 9 of its levels.
You also visited: Ossuary.

You collected 1499 gold pieces.
You spent 474 gold pieces at shops.
You paid 758 gold pieces to Gozag.

Inventory:

Missiles
 f - 15 poisoned darts (quivered)
 l - a throwing net
Armour
 d - the +0 hat "Vairic" (worn) {rF+ rC+ MP+9}
   (You acquired it on level 4 of the Dungeon)

   rF+:       It protects you from fire.
   rC+:       It protects you from cold.
   MP+9:      It affects your magic capacity (+9).
Jewellery
 i - an amulet of reflection (around mantle)
 r - a +6 ring of intelligence (left tentacle)
 t - the ring "Fapiczy" (right tentacle) {rPois rF+ Dex+3 Stlth+}
   (You bought it in a shop on level 8 of the Dungeon)

   [ring of poison resistance]

   Dex+3:     It affects your dexterity (+3).
   rF+:       It protects you from fire.
   rPois:     It protects you from poison Stlth+: It makes you more stealthy.
Talismans
 b - a beast talisman
 c - a flux talisman (active)
Scrolls
 g - 2 scrolls of enchant weapon
 j - a scroll of fog
 k - 2 scrolls of fear
 m - 2 scrolls of teleportation
 o - 3 scrolls of blinking
 v - 3 scrolls of enchant armour
Potions
 a - 4 potions of lignification
 e - 3 potions of attraction
 h - 2 potions of magic
 n - 3 potions of curing
 q - 2 potions of cancellation
 s - 3 potions of brilliance


   Skills:
 * Level 8.9 Fighting
 * Level 10.4 Dodging
 + Level 7.4 Stealth
 * Level 7.8 Unarmed Combat
 * Level 7.3 Shapeshifting


You had 9 spell levels left.
You didn't know any spells.
Your spell library contained the following spells:

 Spells                   Type           Power      Damage    Failure   Level
 Summon Small Mammal      Summ           0%         N/A       22%         1
 Ensorcelled Hibernation  Hex/Ice        0%         N/A       32%         2
 Lesser Beckoning         Tloc           0%         N/A       32%         2
 Call Canine Familiar     Summ           0%         N/A       54%         3
 Frozen Ramparts          Ice            0%         1d1       54%         3
 Fugue of the Fallen      Necr           0%         N/A       54%         3
 Gell's Gravitas          Tloc           0%         N/A       54%         3
 Teleport Other           Tloc           0%         N/A       54%         3
 Volatile Blastmotes      Fire/Tloc      0%         2d10      54%         3
 Anguish                  Hex/Necr       0%         N/A       91%         4
 Fulminant Prism          Conj/Alch      0%         3d5       91%         4
 Iskenderun's Mystic Bla  Conj/Tloc      0%         2d3       91%         4
 Leda's Liquefaction      Alch/Erth      0%         N/A       91%         4
 Petrify                  Alch/Erth      0%         N/A       91%         4
 Summon Blazeheart Golem  Fire/Summ      0%         N/A       91%         4
 Metabolic Englaciation   Hex/Ice        0%         N/A       99%         5


Dungeon Overview and Level Annotations

Branches:
Dungeon (9/15)             Temple (0/1) D:6            Lair (0/5) D:9
Ossuary (visited)
    Orc: D:9-12

Altars:
Ashenzari
Cheibriados
Fedhas
Gozag
Kikubaaqudgha
Nemelex Xobeh
Qazlal
Sif Muna
Trog
Zin

Shops:
D:6 *   D:8 =?


Innate Abilities, Weirdness & Mutations

You are something dangerously unstable.
You glow with magical radiation, making you easy to see and hit.
Foes you strike become dangerously contaminated with magical radiation.
You are incapable of wielding weapons or throwing items.
You cannot wear most types of armour.
You are amphibious.
You can wear up to eight rings at the same time.
Your skin changes colour to match your surroundings (Stealth+).
Your rubbery body absorbs attacks. (AC +1, EV +1)
((You are camouflaged when in or above water. (Stealth+)))
You have tentacles for arms and can constrict up to eight enemies at once.


Message History

You barely miss the electric eel. You grab the electric eel.
You squeeze the electric eel!
The electric eel is severely wounded.
You constrict the electric eel. The orc misses you.
You bludgeon the electric eel!
You kill the electric eel!
You hear a splash.
The orc hits you with a +0 falchion.
* * * LOW HITPOINT WARNING * * *
Unknown command.
The orc warrior unwields a +0 war axe.
The orc warrior wields a +1 orcbow of freezing.
It is covered in frost.
The orc warrior shoots an arrow.
The arrow barely misses you.
The orc priest invokes the aid of Beogh against you.
Beogh smites you!
* * * LOW HITPOINT WARNING * * *
You bludgeon the orc warrior!
The orc warrior begins to glow.
Your grab misses the orc warrior.
The orc warrior is severely wounded.
The orc warrior barely misses you.
You completely miss the orc warrior. You grab the orc warrior.
The orc warrior is severely wounded.
You constrict the orc warrior. The orc warrior completely misses you.
You bludgeon the orc warrior!
You kill the orc warrior!
You feel much better.
The orc warrior shoots an arrow.
The arrow hits you.
* * * LOW HITPOINT WARNING * * *
The arrow freezes you.
* * * LOW HITPOINT WARNING * * *
The orc warrior unwields a +1 orcbow of freezing.
The orc warrior wields a +0 war axe.
The orc warrior misses you.
Things that are here:
3 gold pieces; a +0 scimitar; a +0 chain mail You barely miss the orc warrior.
You grab the orc warrior.
You squeeze the orc warrior, but do no damage.
You constrict the orc warrior, but do no damage.
The orc warrior hits you with a +0 war axe!!
You die...
Your body crumbles into a pile of gold.

#.#..# #......# #.#..# #).....#
.. #.#..# #......#####.. #.#..# #
#............. #.#..####.#
#....ß≈≈≈≈≈≈≈≈ #.#.......#
#....≈ß≈≈≈≈≈≈ #.........#
#.o..≈$oo#########
#....###..######oo.o≈≈o#o........
#..#.# #........p##.≈≈##.........
#..#.# #.........##...o$o........
#..#.# #.........##.≈≈##.........
#..#.# #.........##.≈≈.#........o
#..#.# #..........#.≈≈.'#########
#..#.# #....).......≈ß≈≈≈≈ ≈≈≈
#..#.# #.........##.ß≈≈≈≈≈≈ ≈≈≈
#.# #.........##.......... ...
#.# #...............##.#.. ...


You could see an orc warrior, an orc priest and 5 orcs.

Vanquished Creatures
  7 yaks (D:9)
  3 water moccasins
  4 orc warriors
  3 ice beasts
  2 ogres
  3 centaurs
  A phantom (D:7)
  Blork the orc (D:4)
  A kobold brigand (D:8)
  An elf zombie (Ossuary)
  4 bullfrogs
  3 scorpions
  2 gnoll sergeants (D:6)
  A killer bee (D:8)
  3 howler monkeys
  5 electric eels
  3 bombardier beetles
  3 centaur zombies (Ossuary)
  A hound (D:6)
  12 orc priests
  A gnoll bouda (D:5)
  3 human zombies (Ossuary)
  2 sleepcaps (D:7)
  Natasha (thrice) (D:4)
  6 orc wizards
  4 hound zombies (Ossuary)
  2 mummies (Ossuary)
  15 gnolls
  9 adders
  2 shadow imps (D:7)
  A white imp (D:6)
  2 ufetubi (D:5)
  10 adder zombies (Ossuary)
  A dart slug (D:2)
  A ribbon worm (D:2)
  30 orcs
  11 ball pythons
  8 endoplasms
  2 giant cockroaches (D:2)
  8 goblins
  8 hobgoblins
  3 jackals (D:2)
  7 quokkas
  5 bats
  6 frilled lizards
  3 gnoll zombies (Ossuary)
  6 jackal zombies (Ossuary)
  4 kobolds
  4 kobold zombies (Ossuary)
  3 orc zombies (Ossuary)
  9 rats
242 creatures vanquished.

Vanquished Creatures (others)
  A gnoll (D:5)
1 creature vanquished.

Grand Total: 243 creatures vanquished

Notes
Turn   | Place    | Note
-------+----------+-------------------------------------------
     0 | D:1      | timneilson the Octopode Shapeshifter began the quest for
                  | the Orb.
     0 | D:1      | Reached XP level 1. HP: 13/13 MP: 1/1
    62 | D:1      | Reached skill level 1 in Stealth
    62 | D:1      | Reached XP level 2. HP: 7/18 MP: 2/2
   142 | D:1      | Reached XP level 3. HP: 16/23 MP: 3/3
   432 | D:1      | Reached XP level 4. HP: 24/29 MP: 4/4
   566 | D:2      | Found a glowing silver altar of Zin.
   661 | D:2      | Identified a scroll of acquirement
   661 | D:2      | Acquired a manual of Dodging
   989 | D:2      | Reached skill level 3 in Dodging
   989 | D:2      | Reached XP level 5. HP: 21/34 MP: 5/5
  1419 | D:3      | Reached XP level 6. HP: 25/41 MP: 6/6
  1559 | D:3      | Reached skill level 4 in Dodging
  1643 | D:3      | Found a bloodstained altar of Trog.
  1647 | D:3      | Found a shimmering blue altar of Sif Muna.
  2256 | D:4      | Noticed Natasha
  2262 | D:4      | Reached XP level 7. HP: 46/46 MP: 7/7
  2264 | D:4      | Killed Natasha
  2366 | D:4      | Reached skill level 5 in Dodging
  2463 | D:4      | Noticed Natasha
  2471 | D:4      | Killed Natasha
  2484 | D:4      | Found an opulent altar of Gozag.
  2492 | D:4      | Became a worshipper of Gozag Ym Sagoz the Greedy
  2650 | D:4      | Noticed Natasha
  2658 | D:4      | Killed Natasha
  2913 | D:4      | Noticed Blork the orc
  2918 | D:4      | Killed Blork the orc
  2919 | D:4      | Reached skill level 5 in Unarmed Combat
  2922 | D:4      | Acquired the +0 hat "Vairic" {rF+ rC+ MP+9}
  2937 | D:5      | Entered Level 5 of the Dungeon
  3074 | D:5      | Reached XP level 8. HP: 42/54 MP: 8/8
  3105 | D:5      | Reached skill level 6 in Dodging
  3115 | D:5      | Reached skill level 5 in Shapeshifting
  3181 | D:5      | Found a sand-covered staircase.
  3184 | Ossuary  | Entered an ossuary
  3403 | Ossuary  | Reached skill level 7 in Dodging
  3461 | Ossuary  | Reached skill level 5 in Stealth
  3768 | D:5      | Reached skill level 5 in Fighting
  3939 | D:5      | Found a glowing silver altar of Zin.
  3973 | D:5      | Found a sparkling altar of Nemelex Xobeh.
  4013 | D:5      | Acquired a manual of Fighting
  4033 | D:6      | Reached XP level 9. HP: 61/61 MP: 9/9
  4033 | D:6      | Found a staircase to the Ecumenical Temple.
  4082 | D:6      | Found Utwusap's Assorted Antiques.
  4134 | D:6      | Found a stormy altar of Qazlal.
  4143 | D:6      | Found a blossoming altar of Fedhas.
  4802 | D:6      | Reached skill level 8 in Dodging
  4939 | D:6      | Found a snail-covered altar of Cheibriados.
  5497 | D:7      | Found a broken altar of Ashenzari.
  5745 | D:7      | Reached skill level 9 in Dodging
  6435 | D:7      | Reached XP level 10. HP: 62/71 MP: 10/10
  6975 | D:8      | Found Puov Vee's Magic Scroll Shop.
  7282 | D:8      | Bought the ring "Fapiczy" {rPois rF+ Dex+3 Stlth+} for 474
                  | gold pieces
  7458 | D:9      | Found an ancient bone altar of Kikubaaqudgha.
  7617 | D:9      | Found a staircase to the Lair.
  7952 | D:9      | Reached skill level 10 in Dodging
  7970 | D:9      | HP: 3/73 [orc warrior/+0 halberd (20)]
  8191 | D:9      | Slain by an orc warrior

Illustrated notes

Levels and vault maps discovered:
D:1:      mushboom_english_gardens, layout_rooms
D:2:      layout_rooms, basic_altar, st_stairs_7, kennysheep_cluttered_room
D:3:      layout_loops_ring, hellmonk_overflow_destroyed_library
D:4:      layout_loops_ring, mainiacjoe_overflow_boulevard, uniq_natasha,
          uniq_blork_the_orc
D:5:      layout_loops_ring, zin_statuary, mainiacjoe_overflow_alcove_2,
          lightli_ossuary_entry_decrepit_ruins
D:6:      lemuel_ice_spiral_2, layout_basic, marbit_many_paths,
          lemuel_round_altar, grunt_qazlal_clouds, minmay_temple_entry_waves,
          serial_shops, shop_statue, hangedman_abyss_or_decor_stagger,
          hex_intersection, item_on_display_a
D:7:      layout_rooms, cheibrodos_ashenzari_chains, chequers_big_river,
          st_stairs_2, glass_columns_b
D:8:      layout_cave_pods, serial_shops, shop, kennysheep_generic_room_11
D:9:      layout_long_grid, kiku_gazebo_garden_becter,
          grunt_lair_entry_orc_guard_hut, erik_orc_2,
          ebering_ghost_disaster_area, kennysheep_windowed_goal

Skill      XL: |  1  2  3  4  5  6  7  8  9 10 |
---------------+-------------------------------+-----
Stealth        | 1 2 3 4 5 6 7 |  7.4
Fighting       | 2 3 5 7 8 |  8.9
Dodging        | 3 4 5 7 9 10 | 10.4
Unarmed Combat | 4 5 6 7 |  7.8
Shapeshifting  | 4 5 6 7 |  7.3

Action                     |  1- 3 |  4- 6 |  7- 9 | 10-12 || total
---------------------------+-------+-------+-------+-------++-------
  Melee: Unarmed           |    53 |   111 |   312 |   100 ||   576
         Constrict         |    14 |    32 |    86 |    22 ||   154
         Tentacles         |     6 |    24 |    84 |    32 ||   146
         Punch             |     4 |     1 |    21 |       ||    26
  Throw: Dart              |       |     4 |       |       ||     4
 Invoke: Call Merchant     |       |       |       |     1 ||     1
    Use: Scroll            |       |    11 |     7 |     3 ||    21
         Potion            |       |       |     4 |     6 ||    10
   Stab: Sleeping          |     1 |     8 |    13 |     3 ||    25
         Distracted        |       |     1 |     1 |       ||     2
         Invisible         |       |       |     3 |       ||     3
 Armour: Skin              |    16 |    33 |   100 |    34 ||   183
  Dodge: Dodged            |    24 |    55 |   176 |    49 ||   304
  Block: Other             |     6 |    11 |    67 |    13 ||    97
   Form: Flux              |       |       |       |     1 ||     1

Table legend: (Time is in decaauts)
 A = Elapsed time spent in this place.
 B = Non-inter-level travel time spent in this place.
 C = Inter-level travel time spent in this place.
 D = Time resting spent in this place.
 E = Time spent auto-exploring this place.
 F = Levels seen in this place.
 G = Mean time per level.
                   A        B        C        D        E       F      G
               +--------+--------+--------+--------+--------+-----+--------+
         Total |   8158 |   7984 |    174 |    985 |   4355 |  10 |  815.8 |
       Dungeon |   7818 |   7644 |    174 |    985 |   4218 |   9 |  868.7 |
       Ossuary |    340 |    340 |      0 |      0 |    137 |   1 |  340.0 |
               +--------+--------+--------+--------+--------+-----+--------+

Top non-repeatable levels by time:
     D:6: 1537 daAuts
     D:7: 921 daAuts
     D:3: 879 daAuts
     D:8: 858 daAuts
     D:9: 824 daAuts
     D:4: 789 daAuts
     D:2: 769 daAuts
     D:5: 734 daAuts
     D:1: 503 daAuts
 Ossuary: 340 daAuts
